[ AOE2 MATCH · #477159024 ]
UnrankedPersians vs Maya
[ REPLAY ANALYSIS · EXTRACTED FROM THE RECORDED GAME ]
Feudal
13:04
Castle
18:19
Imperial
49:17
| APM avg | 43.4 |
| APM peak | 113 |
| eAPM avg | 28.7 |
| Villagers / military | 252 / 201 |
Focus
⚔️ 34.4% · 🌾 65.6%
Knight ×86 · Spearman ×64 · Trade Cart ×47 · Scout Cavalry ×35 · Scorpion ×7 · Mangonel ×3
Feudal
10:35
Castle
22:43
Imperial
35:04
| APM avg | 59.0 |
| APM peak | 117 |
| eAPM avg | 32.2 |
| Villagers / military | 222 / 317 |
Focus
⚔️ 42.3% · 🌾 57.7%
Archer ×242 · Spearman ×40 · Battering Ram ×32 · Mangonel ×2 · Monk ×1
Feudal
8:34
Castle
22:31
Imperial
37:00
| APM avg | 65.3 |
| APM peak | 102 |
| eAPM avg | 42.1 |
| Villagers / military | 167 / 608 |
Focus
⚔️ 63.3% · 🌾 36.7%
Archer ×557 · Trade Cart ×77 · Battering Ram ×18 · Trebuchet (Packed) ×13 · Monk ×10 · Spearman ×6
Feudal
7:35
Castle
21:09
Imperial
45:40
| APM avg | 63.0 |
| APM peak | 140 |
| eAPM avg | 29.9 |
| Villagers / military | 166 / 328 |
Focus
⚔️ 48.0% · 🌾 52.0%
Battle Elephant ×131 · Knight ×99 · Scout Cavalry ×88 · Scorpion ×10
Match map
Initial resources + every placement click. Lines = walls · curves = elevation contours. ◆ gold · ⬟ stone · ● berries · ✦ relic · ◌ wall gap
Your base· ✓ Closed at 18:19 · 88t walls · no gate
DL | Tio GG 800 / Twitch TV's base· ✓ Closed at 22:43 · 56t walls · 1 gate(s)
STORM | Noszombie's base· ✓ Closed at 22:31 · 46t walls · 1 gate(s)
DL | Fer_Amicus's base· Open — 3t gap
Smoothed initial terrain · ◌ = detected wall gap · hover for details
Inputs per minute
— robo_boro - - DL | Tio GG 800 / Twitch TV
Build order — robo_boro
First 150 of 830 actions detected
| 0:00 | Create | Villager (Male) |
| 0:00 | Create | Villager (Male) |
| 0:00 | Create | Villager (Male) |
| 0:00 | Create | Villager (Male) |
| 0:01 | Create | Villager (Male) |
| 0:01 | Create | Villager (Male) |
| 0:01 | Create | Villager (Male) |
| 0:01 | Create | Villager (Male) |
| 0:01 | Create | Villager (Male) |
| 0:02 | Build | House |
| 0:03 | Build | House |
| 1:21 | Create | Villager (Male) |
| 1:21 | Create | Villager (Male) |
| 2:22 | Create | Villager (Male) |
| 2:22 | Create | Villager (Male) |
| 2:22 | Create | Villager (Male) |
| 2:28 | Build | House |
| 2:48 | Build | Lumber Camp |
| 3:04 | Research | Loom |
| 3:45 | Create | Villager (Male) |
| 3:46 | Create | Villager (Male) |
| 3:46 | Create | Villager (Male) |
| 3:46 | Create | Villager (Male) |
| 4:07 | Build | House |
| 4:40 | Build | House |
| 4:44 | Create | Villager (Male) |
| 4:44 | Create | Villager (Male) |
| 4:44 | Create | Villager (Male) |
| 5:27 | Create | Villager (Male) |
| 5:27 | Create | Villager (Male) |
| 5:40 | Create | Villager (Male) |
| 5:40 | Create | Villager (Male) |
| 6:48 | Build | House |
| 7:03 | Create | Villager (Male) |
| 7:03 | Create | Villager (Male) |
| 7:13 | Build | Palisade Wall |
| 7:15 | Build | Palisade Wall |
| 7:18 | Build | Palisade Wall |
| 7:20 | Build | Palisade Wall |
| 7:25 | Build | Mill |
| 7:31 | Build | Palisade Wall |
| 7:47 | Create | Villager (Male) |
| 8:08 | Build | Palisade Wall |
| 8:18 | Create | Villager (Male) |
| 8:33 | Build | Palisade Wall |
| 8:35 | Create | Villager (Male) |
| 8:45 | Create | Villager (Male) |
| 8:53 | Build | Palisade Wall |
| 9:09 | Build | House |
| 9:15 | Build | Farm |
| 9:16 | Build | Farm |
| 9:18 | Build | Farm |
| 9:24 | Build | Palisade Wall |
| 9:45 | Create | Villager (Male) |
| 9:58 | Build | Farm |
| 10:02 | Create | Villager (Male) |
| 10:19 | Build | Palisade Wall |
| 10:36 | Create | Villager (Male) |
| 10:50 | Create | Villager (Male) |
| 10:52 | Build | Farm |
| 10:58 | Research | Feudal Age |
| 10:58 | Research | Feudal Age |
| 11:26 | Build | Farm |
| 11:27 | Build | Farm |
| 11:42 | Build | Palisade Wall |
| 12:00 | Build | Mining Camp |
| 12:02 | Build | Farm |
| 12:04 | Build | Palisade Wall |
| 12:08 | Build | Palisade Wall |
| 12:10 | Build | House |
| 12:12 | Build | Palisade Wall |
| 12:20 | Build | Farm |
| 12:22 | Create | Villager (Male) |
| 13:04 | Age | Feudal Age |
| 13:11 | Create | Villager (Male) |
| 13:35 | Build | Market |
| 13:42 | Create | Villager (Male) |
| 14:08 | Create | Villager (Male) |
| 14:11 | Create | Villager (Male) |
| 14:36 | Create | Villager (Male) |
| 14:40 | Build | Stone Wall |
| 14:44 | Build | Blacksmith |
| 15:25 | Create | Villager (Male) |
| 15:29 | Build | Mining Camp |
| 15:37 | Build | Watch Tower |
| 15:48 | Build | Stone Wall |
| 15:54 | Research | Castle Age |
| 16:29 | Build | Barracks |
| 16:47 | Build | Stone Wall |
| 17:06 | Build | Stone Wall |
| 17:32 | Create | Villager (Male) |
| 17:56 | Build | Stable |
| 18:19 | Age | Castle Age |
| 18:30 | Research | Scale Barding Armor |
| 18:30 | Research | Scale Barding Armor |
| 18:35 | Create | Villager (Male) |
| 18:36 | Research | Double-Bit Axe |
| 18:36 | Research | Double-Bit Axe |
| 18:44 | Create | Knight |
| 18:44 | Create | Knight |
| 18:49 | Build | House |
| 18:50 | Build | Palisade Wall |
| 18:56 | Build | Gate |
| 19:02 | Build | Stone Wall |
| 19:11 | Build | House |
| 19:12 | Build | House |
| 19:14 | Create | Villager (Male) |
| 19:18 | Create | Villager (Male) |
| 19:30 | Build | Farm |
| 19:32 | Create | Knight |
| 19:43 | Create | Knight |
| 19:51 | Build | Farm |
| 20:01 | Create | Villager (Male) |
| 20:08 | Build | House |
| 20:10 | Build | House |
| 20:14 | Create | Knight |
| 20:15 | Create | Villager (Male) |
| 20:34 | Build | House |
| 20:36 | Build | Palisade Wall |
| 20:37 | Build | Palisade Wall |
| 20:50 | Build | House |
| 20:58 | Create | Knight |
| 20:59 | Build | Farm |
| 21:19 | Build | Palisade Wall |
| 21:21 | Build | Palisade Wall |
| 21:23 | Build | Palisade Wall |
| 21:27 | Build | Palisade Wall |
| 21:33 | Create | Villager (Male) |
| 21:35 | Create | Knight |
| 21:36 | Build | Farm |
| 21:37 | Build | Farm |
| 22:00 | Research | Horse Collar |
| 22:00 | Research | Horse Collar |
| 22:01 | Create | Villager (Male) |
| 22:02 | Build | Farm |
| 22:04 | Create | Knight |
| 22:16 | Build | House |
| 22:19 | Build | Palisade Wall |
| 22:43 | Build | Palisade Wall |
| 23:00 | Create | Villager (Male) |
| 23:01 | Create | Villager (Male) |
| 23:08 | Build | House |
| 23:11 | Build | Palisade Wall |
| 23:25 | Build | Palisade Wall |
| 23:27 | Build | Palisade Wall |
| 23:29 | Build | Palisade Wall |
| 23:32 | Create | Villager (Male) |
| 23:38 | Build | Farm |
| 23:41 | Build | Farm |
| 23:41 | Build | Farm |
Build order — DL | Tio GG 800 / Twitch TV
First 150 of 791 actions detected
| 0:02 | Research | Loom |
| 0:03 | Build | House |
| 0:03 | Create | Villager (Male) |
| 0:04 | Build | House |
| 0:04 | Create | Villager (Male) |
| 0:11 | Create | Villager (Male) |
| 1:31 | Build | Palisade Wall |
| 1:33 | Build | Palisade Wall |
| 1:34 | Build | Palisade Wall |
| 1:35 | Build | Palisade Wall |
| 1:36 | Build | Palisade Wall |
| 1:37 | Create | Villager (Male) |
| 2:24 | Create | Villager (Male) |
| 2:41 | Create | Villager (Male) |
| 3:00 | Build | Palisade Wall |
| 3:04 | Create | Villager (Male) |
| 3:05 | Build | Lumber Camp |
| 3:13 | Build | Palisade Wall |
| 3:17 | Build | Palisade Wall |
| 3:19 | Build | Palisade Wall |
| 3:20 | Build | Palisade Wall |
| 3:28 | Create | Villager (Male) |
| 3:30 | Create | Villager (Male) |
| 3:35 | Build | Palisade Wall |
| 3:39 | Build | Palisade Wall |
| 3:39 | Build | Palisade Wall |
| 3:40 | Build | Palisade Wall |
| 4:00 | Create | Villager (Male) |
| 4:09 | Create | Villager (Male) |
| 4:32 | Create | Villager (Male) |
| 4:56 | Create | Villager (Male) |
| 4:58 | Build | House |
| 5:07 | Create | Villager (Male) |
| 5:12 | Build | House |
| 5:51 | Build | Palisade Wall |
| 5:53 | Build | Palisade Wall |
| 6:00 | Build | Palisade Wall |
| 6:01 | Build | Palisade Wall |
| 6:03 | Build | Palisade Wall |
| 6:06 | Build | Palisade Wall |
| 6:08 | Build | Palisade Wall |
| 6:33 | Build | Palisade Wall |
| 6:39 | Create | Villager (Male) |
| 6:41 | Build | Palisade Wall |
| 6:43 | Build | House |
| 6:47 | Build | Palisade Wall |
| 6:49 | Create | Villager (Male) |
| 7:01 | Create | Villager (Male) |
| 7:14 | Create | Villager (Male) |
| 7:29 | Create | Villager (Male) |
| 7:52 | Build | Mining Camp |
| 8:25 | Research | Feudal Age |
| 8:26 | Research | Feudal Age |
| 9:15 | Build | Barracks |
| 10:14 | Create | Villager (Male) |
| 10:18 | Build | House |
| 10:27 | Create | Villager (Male) |
| 10:35 | Age | Feudal Age |
| 10:40 | Build | Archery Range |
| 10:42 | Build | Archery Range |
| 10:44 | Build | Archery Range |
| 10:50 | Research | Double-Bit Axe |
| 11:13 | Build | Blacksmith |
| 11:17 | Create | Villager (Male) |
| 11:33 | Create | Villager (Male) |
| 11:38 | Create | Archer |
| 11:44 | Create | Archer |
| 11:44 | Create | Archer |
| 11:50 | Build | Mill |
| 11:52 | Build | Palisade Wall |
| 12:04 | Create | Archer |
| 12:07 | Build | House |
| 12:10 | Build | Palisade Wall |
| 12:11 | Create | Archer |
| 12:11 | Create | Archer |
| 12:14 | Create | Villager (Male) |
| 12:20 | Research | Fletching |
| 12:20 | Research | Fletching |
| 12:28 | Create | Archer |
| 12:28 | Create | Archer |
| 12:37 | Build | Palisade Wall |
| 12:40 | Create | Archer |
| 12:40 | Create | Archer |
| 12:49 | Build | Farm |
| 12:56 | Create | Villager (Male) |
| 13:03 | Create | Archer |
| 13:18 | Create | Archer |
| 13:26 | Create | Archer |
| 13:32 | Create | Villager (Male) |
| 13:32 | Create | Villager (Male) |
| 13:36 | Build | Farm |
| 13:45 | Create | Archer |
| 13:56 | Build | Palisade Wall |
| 14:00 | Build | House |
| 14:11 | Create | Archer |
| 14:18 | Build | House |
| 14:27 | Build | House |
| 14:28 | Create | Villager (Male) |
| 14:31 | Create | Archer |
| 14:36 | Create | Archer |
| 15:00 | Research | Town Watch |
| 15:01 | Create | Archer |
| 15:02 | Build | Farm |
| 15:03 | Create | Villager (Male) |
| 15:04 | Create | Villager (Male) |
| 15:29 | Create | Archer |
| 15:31 | Create | Archer |
| 15:32 | Build | Farm |
| 15:37 | Create | Archer |
| 15:44 | Create | Archer |
| 15:47 | Build | Palisade Gate |
| 15:55 | Create | Archer |
| 15:57 | Create | Villager (Male) |
| 16:06 | Create | Archer |
| 16:10 | Build | House |
| 16:11 | Create | Archer |
| 16:11 | Create | Archer |
| 16:37 | Create | Archer |
| 16:55 | Create | Villager (Male) |
| 16:57 | Build | Farm |
| 17:07 | Create | Villager (Male) |
| 17:09 | Build | Farm |
| 17:16 | Build | Farm |
| 17:16 | Create | Villager (Male) |
| 17:56 | Research | Wheelbarrow |
| 17:57 | Research | Wheelbarrow |
| 17:57 | Create | Villager (Male) |
| 17:59 | Build | Farm |
| 18:14 | Create | Archer |
| 18:40 | Create | Villager (Male) |
| 18:42 | Build | Market |
| 19:08 | Build | Farm |
| 19:08 | Create | Archer |
| 19:08 | Create | Archer |
| 20:03 | Research | Castle Age |
| 20:10 | Create | Archer |
| 20:10 | Create | Archer |
| 20:10 | Create | Archer |
| 20:16 | Build | Farm |
| 21:09 | Create | Archer |
| 21:13 | Create | Archer |
| 21:13 | Create | Archer |
| 21:14 | Create | Archer |
| 21:15 | Create | Archer |
| 21:15 | Create | Archer |
| 21:21 | Research | Horse Collar |
| 21:22 | Research | Gold Mining |
| 21:32 | Create | Archer |
| 21:35 | Create | Villager (Male) |
| 21:37 | Build | Lumber Camp |
Build order — STORM | Noszombie
First 150 of 1079 actions detected
| 0:01 | Research | Loom |
| 0:03 | Build | House |
| 0:06 | Build | House |
| 0:06 | Create | Villager (Male) |
| 0:13 | Create | Villager (Male) |
| 0:17 | Create | Villager (Male) |
| 1:26 | Create | Villager (Male) |
| 2:03 | Build | Lumber Camp |
| 2:04 | Create | Villager (Male) |
| 2:04 | Create | Villager (Male) |
| 2:08 | Create | Villager (Male) |
| 2:37 | Create | Villager (Male) |
| 2:38 | Create | Villager (Male) |
| 3:06 | Create | Villager (Male) |
| 3:23 | Create | Villager (Male) |
| 3:24 | Create | Villager (Male) |
| 3:57 | Build | House |
| 4:01 | Create | Villager (Male) |
| 4:08 | Create | Villager (Male) |
| 4:09 | Create | Villager (Male) |
| 4:40 | Build | Mining Camp |
| 5:05 | Create | Villager (Male) |
| 5:05 | Create | Villager (Male) |
| 5:28 | Create | Villager (Male) |
| 5:29 | Create | Villager (Male) |
| 5:39 | Create | Villager (Male) |
| 5:40 | Create | Villager (Male) |
| 5:43 | Build | House |
| 5:54 | Create | Villager (Male) |
| 5:59 | Build | House |
| 6:24 | Research | Feudal Age |
| 6:25 | Research | Feudal Age |
| 7:05 | Create | Villager (Male) |
| 7:05 | Create | Villager (Male) |
| 7:38 | Build | Barracks |
| 7:50 | Create | Villager (Male) |
| 7:51 | Create | Villager (Male) |
| 7:54 | Create | Villager (Male) |
| 7:55 | Create | Villager (Male) |
| 8:27 | Create | Villager (Male) |
| 8:34 | Age | Feudal Age |
| 8:37 | Build | Archery Range |
| 8:42 | Create | Spearman |
| 8:49 | Create | Spearman |
| 8:50 | Create | Villager (Male) |
| 8:55 | Build | House |
| 9:01 | Research | Double-Bit Axe |
| 9:01 | Research | Double-Bit Axe |
| 9:04 | Create | Villager (Male) |
| 9:22 | Create | Archer |
| 9:26 | Build | House |
| 9:27 | Create | Villager (Male) |
| 9:30 | Create | Archer |
| 9:38 | Create | Spearman |
| 9:49 | Build | Palisade Wall |
| 9:50 | Create | Villager (Male) |
| 9:57 | Create | Archer |
| 10:21 | Build | Mill |
| 10:31 | Create | Villager (Male) |
| 10:31 | Create | Villager (Male) |
| 10:35 | Create | Villager (Male) |
| 10:36 | Create | Villager (Male) |
| 10:44 | Create | Archer |
| 10:55 | Build | Blacksmith |
| 10:56 | Create | Villager (Male) |
| 10:59 | Build | House |
| 11:05 | Build | House |
| 11:10 | Create | Archer |
| 11:40 | Create | Villager (Male) |
| 11:46 | Create | Archer |
| 11:53 | Create | Villager (Male) |
| 12:01 | Build | House |
| 12:06 | Build | Palisade Wall |
| 12:08 | Create | Villager (Male) |
| 12:09 | Build | Farm |
| 12:23 | Create | Spearman |
| 12:26 | Build | Palisade Wall |
| 12:27 | Create | Archer |
| 12:27 | Create | Archer |
| 12:34 | Research | Fletching |
| 12:52 | Create | Villager (Male) |
| 13:00 | Build | Archery Range |
| 13:01 | Create | Villager (Male) |
| 13:02 | Create | Villager (Male) |
| 13:05 | Create | Archer |
| 13:08 | Build | House |
| 13:09 | Build | Palisade Wall |
| 13:19 | Create | Villager (Male) |
| 13:20 | Create | Villager (Male) |
| 13:33 | Create | Villager (Male) |
| 13:40 | Research | Horse Collar |
| 13:41 | Research | Horse Collar |
| 13:50 | Create | Villager (Male) |
| 13:50 | Create | Villager (Male) |
| 13:51 | Create | Archer |
| 13:55 | Build | Farm |
| 13:56 | Create | Villager (Male) |
| 14:01 | Create | Villager (Male) |
| 14:05 | Create | Villager (Male) |
| 14:06 | Create | Villager (Male) |
| 14:12 | Build | Palisade Gate |
| 14:14 | Build | Palisade Wall |
| 14:19 | Create | Archer |
| 14:40 | Create | Villager (Male) |
| 14:40 | Create | Villager (Male) |
| 14:42 | Build | Farm |
| 14:43 | Build | Farm |
| 14:44 | Build | Farm |
| 14:55 | Create | Archer |
| 14:55 | Create | Archer |
| 15:07 | Create | Villager (Male) |
| 15:09 | Create | Archer |
| 15:16 | Create | Archer |
| 15:22 | Create | Archer |
| 15:28 | Create | Villager (Male) |
| 15:29 | Build | Farm |
| 15:30 | Build | Farm |
| 15:40 | Create | Villager (Male) |
| 15:41 | Build | Farm |
| 15:44 | Build | Palisade Wall |
| 15:48 | Build | Farm |
| 15:49 | Create | Villager (Male) |
| 15:57 | Create | Archer |
| 15:58 | Create | Archer |
| 16:09 | Build | Farm |
| 16:14 | Build | Palisade Wall |
| 16:16 | Create | Villager (Male) |
| 16:22 | Create | Archer |
| 16:38 | Create | Archer |
| 16:44 | Create | Archer |
| 16:45 | Create | Spearman |
| 16:57 | Create | Villager (Male) |
| 17:00 | Build | House |
| 17:05 | Build | House |
| 17:10 | Research | Wheelbarrow |
| 17:16 | Build | Farm |
| 17:45 | Create | Archer |
| 17:47 | Create | Spearman |
| 18:05 | Create | Villager (Male) |
| 18:06 | Create | Archer |
| 18:06 | Create | Archer |
| 18:14 | Create | Villager (Male) |
| 18:15 | Create | Archer |
| 18:18 | Create | Archer |
| 18:29 | Build | Market |
| 18:38 | Build | Palisade Wall |
| 18:39 | Create | Archer |
| 18:56 | Build | Lumber Camp |
| 19:01 | Create | Archer |
| 19:17 | Create | Archer |
Build order — DL | Fer_Amicus
First 150 of 585 actions detected
| 0:00 | Create | Villager (Male) |
| 0:00 | Create | Villager (Male) |
| 0:00 | Create | Villager (Male) |
| 0:02 | Build | House |
| 0:04 | Build | House |
| 0:08 | Create | Villager (Male) |
| 0:08 | Create | Villager (Male) |
| 1:22 | Create | Villager (Male) |
| 1:23 | Create | Villager (Male) |
| 1:55 | Create | Villager (Male) |
| 2:07 | Create | Villager (Male) |
| 2:08 | Create | Villager (Male) |
| 2:08 | Create | Villager (Male) |
| 2:28 | Create | Villager (Male) |
| 2:28 | Create | Villager (Male) |
| 2:49 | Create | Villager (Male) |
| 2:49 | Create | Villager (Male) |
| 3:27 | Create | Villager (Male) |
| 3:27 | Create | Villager (Male) |
| 3:28 | Create | Villager (Male) |
| 3:57 | Build | House |
| 5:00 | Research | Loom |
| 5:21 | Research | Feudal Age |
| 5:21 | Research | Feudal Age |
| 5:43 | Build | Lumber Camp |
| 7:35 | Age | Feudal Age |
| 7:36 | Build | Stable |
| 7:38 | Create | Villager (Male) |
| 7:42 | Research | Double-Bit Axe |
| 8:02 | Build | House |
| 8:07 | Create | Villager (Male) |
| 8:13 | Create | Scout Cavalry |
| 8:29 | Create | Scout Cavalry |
| 8:43 | Create | Villager (Male) |
| 8:45 | Build | Farm |
| 8:48 | Build | Farm |
| 8:59 | Build | Farm |
| 9:14 | Create | Villager (Male) |
| 9:17 | Build | Farm |
| 9:30 | Build | House |
| 9:31 | Build | Palisade Wall |
| 9:33 | Build | Palisade Wall |
| 9:40 | Build | Farm |
| 9:41 | Create | Scout Cavalry |
| 9:41 | Create | Scout Cavalry |
| 9:42 | Build | Farm |
| 9:55 | Create | Villager (Male) |
| 9:55 | Create | Villager (Male) |
| 9:56 | Create | Villager (Male) |
| 10:23 | Create | Villager (Male) |
| 10:35 | Create | Villager (Male) |
| 10:49 | Create | Scout Cavalry |
| 10:58 | Build | House |
| 11:02 | Build | Stone Wall |
| 11:10 | Build | Palisade Wall |
| 11:11 | Create | Villager (Male) |
| 11:33 | Build | Palisade Gate |
| 11:45 | Create | Villager (Male) |
| 11:49 | Create | Villager (Male) |
| 11:52 | Create | Villager (Male) |
| 11:57 | Build | Farm |
| 12:07 | Create | Scout Cavalry |
| 12:16 | Build | Watch Tower |
| 12:33 | Build | Farm |
| 12:34 | Build | Farm |
| 12:35 | Build | Farm |
| 12:37 | Build | Farm |
| 12:38 | Build | Farm |
| 12:38 | Create | Villager (Male) |
| 12:47 | Build | Farm |
| 12:49 | Build | Farm |
| 13:02 | Create | Scout Cavalry |
| 13:02 | Create | Scout Cavalry |
| 13:19 | Build | Farm |
| 13:26 | Create | Villager (Male) |
| 13:50 | Create | Scout Cavalry |
| 13:54 | Create | Villager (Male) |
| 14:10 | Create | Villager (Male) |
| 14:16 | Build | Farm |
| 14:19 | Build | Farm |
| 14:24 | Build | House |
| 14:25 | Build | House |
| 14:43 | Build | Farm |
| 14:49 | Create | Villager (Male) |
| 14:57 | Create | Scout Cavalry |
| 15:04 | Build | Blacksmith |
| 15:19 | Build | Mining Camp |
| 15:27 | Create | Villager (Male) |
| 15:29 | Create | Scout Cavalry |
| 15:50 | Research | Scale Barding Armor |
| 15:51 | Research | Scale Barding Armor |
| 15:51 | Research | Scale Barding Armor |
| 15:52 | Create | Villager (Male) |
| 15:56 | Build | Farm |
| 15:57 | Build | Farm |
| 16:01 | Create | Scout Cavalry |
| 16:14 | Build | Farm |
| 16:23 | Create | Villager (Male) |
| 16:29 | Create | Scout Cavalry |
| 16:52 | Create | Villager (Male) |
| 17:03 | Create | Villager (Male) |
| 17:14 | Build | House |
| 17:15 | Build | House |
| 17:52 | Create | Villager (Male) |
| 18:00 | Build | Farm |
| 18:00 | Build | Farm |
| 18:01 | Build | Farm |
| 18:01 | Build | Farm |
| 18:09 | Build | Farm |
| 18:29 | Research | Castle Age |
| 18:29 | Research | Castle Age |
| 18:50 | Research | Forging |
| 18:51 | Research | Forging |
| 19:00 | Create | Scout Cavalry |
| 19:00 | Create | Scout Cavalry |
| 19:03 | Build | Stable |
| 19:45 | Research | Bloodlines |
| 19:45 | Research | Bloodlines |
| 19:54 | Create | Scout Cavalry |
| 20:06 | Build | House |
| 20:12 | Create | Scout Cavalry |
| 20:12 | Create | Scout Cavalry |
| 20:25 | Create | Villager (Male) |
| 20:57 | Build | Farm |
| 20:58 | Build | Farm |
| 20:58 | Build | Farm |
| 21:02 | Build | Stable |
| 21:05 | Create | Villager (Male) |
| 21:09 | Age | Castle Age |
| 21:14 | Create | Knight |
| 21:14 | Create | Knight |
| 21:22 | Create | Villager (Male) |
| 21:37 | Create | Knight |
| 21:39 | Build | Farm |
| 21:46 | Create | Knight |
| 22:38 | Create | Knight ×2 |
| 22:38 | Create | Knight ×2 |
| 22:56 | Create | Villager (Male) |
| 23:01 | Create | Knight |
| 23:01 | Create | Knight |
| 23:02 | Build | Farm |
| 23:02 | Build | Farm |
| 23:03 | Build | Farm |
| 23:03 | Build | Farm |
| 23:05 | Build | Mill |
| 23:16 | Create | Knight |
| 23:16 | Create | Knight |
| 23:40 | Create | Knight |
| 23:40 | Create | Knight |
| 23:41 | Create | Villager (Male) |
Match timeline
| 1:31 | DL | Tio GG 800 / Twitch TV · wall_segment Palisade Wall x1 |
| 1:33 | DL | Tio GG 800 / Twitch TV · wall_segment Palisade Wall x1 |
| 1:34 | DL | Tio GG 800 / Twitch TV · wall_segment Palisade Wall x1 |
| 1:35 | DL | Tio GG 800 / Twitch TV · wall_segment Palisade Wall x1 |
| 1:36 | DL | Tio GG 800 / Twitch TV · wall_segment Palisade Wall x1 |
| 3:00 | DL | Tio GG 800 / Twitch TV · wall_segment Palisade Wall x1 |
| 3:13 | DL | Tio GG 800 / Twitch TV · wall_segment Palisade Wall x2 |
| 3:17 | DL | Tio GG 800 / Twitch TV · wall_segment Palisade Wall x1 |
| 3:19 | DL | Tio GG 800 / Twitch TV · wall_segment Palisade Wall x1 |
| 3:20 | DL | Tio GG 800 / Twitch TV · wall_segment Palisade Wall x1 |
| 3:35 | DL | Tio GG 800 / Twitch TV · wall_segment Palisade Wall x1 |
| 3:39 | DL | Tio GG 800 / Twitch TV · wall_segment Palisade Wall x1 |
| 3:39 | DL | Tio GG 800 / Twitch TV · wall_segment Palisade Wall x1 |
| 3:40 | DL | Tio GG 800 / Twitch TV · wall_segment Palisade Wall x1 |
| 5:51 | DL | Tio GG 800 / Twitch TV · wall_segment Palisade Wall x1 |
| 5:53 | DL | Tio GG 800 / Twitch TV · wall_segment Palisade Wall x1 |
| 6:00 | DL | Tio GG 800 / Twitch TV · wall_segment Palisade Wall x1 |
| 6:01 | DL | Tio GG 800 / Twitch TV · wall_segment Palisade Wall x1 |
| 6:03 | DL | Tio GG 800 / Twitch TV · wall_segment Palisade Wall x1 |
| 6:06 | DL | Tio GG 800 / Twitch TV · wall_segment Palisade Wall x1 |
| 6:08 | DL | Tio GG 800 / Twitch TV · wall_segment Palisade Wall x1 |
| 6:33 | DL | Tio GG 800 / Twitch TV · wall_segment Palisade Wall x1 |
| 6:41 | DL | Tio GG 800 / Twitch TV · wall_segment Palisade Wall x1 |
| 6:47 | DL | Tio GG 800 / Twitch TV · wall_segment Palisade Wall x1 |
| 7:13 | robo_boro · wall_segment Palisade Wall x1 |
| 7:15 | robo_boro · wall_segment Palisade Wall x1 |
| 7:18 | robo_boro · wall_segment Palisade Wall x1 |
| 7:20 | robo_boro · wall_segment Palisade Wall x1 |
| 7:31 | robo_boro · wall_segment Palisade Wall x1 |
| 7:35 | DL | Fer_Amicus · age_up feudal |
| 7:36 | DL | Fer_Amicus · first_building Stable |
| 7:38 | STORM | Noszombie · first_building Barracks |
| 8:08 | robo_boro · wall_segment Palisade Wall x7 |
| 8:33 | robo_boro · wall_segment Palisade Wall x14 |
| 8:34 | STORM | Noszombie · age_up feudal |
| 8:37 | STORM | Noszombie · first_building Archery Range |
| 8:53 | robo_boro · wall_segment Palisade Wall x9 |
| 9:15 | DL | Tio GG 800 / Twitch TV · first_building Barracks |
| 9:24 | robo_boro · wall_segment Palisade Wall x9 |
| 9:31 | DL | Fer_Amicus · wall_segment Palisade Wall x1 |
| 9:33 | DL | Fer_Amicus · wall_segment Palisade Wall x1 |
| 9:49 | STORM | Noszombie · wall_segment Palisade Wall x6 |
| 10:19 | robo_boro · wall_segment Palisade Wall x14 |
| 10:35 | DL | Tio GG 800 / Twitch TV · age_up feudal |
| 10:40 | DL | Tio GG 800 / Twitch TV · first_building Archery Range |
| 11:02 | DL | Fer_Amicus · wall_segment Stone Wall x2 |
| 11:10 | DL | Fer_Amicus · wall_segment Palisade Wall x10 |
| 11:42 | robo_boro · wall_segment Palisade Wall x6 |
| 11:52 | DL | Tio GG 800 / Twitch TV · wall_segment Palisade Wall x1 |
| 12:04 | robo_boro · wall_segment Palisade Wall x1 |
| 12:06 | STORM | Noszombie · wall_segment Palisade Wall x9 |
| 12:08 | robo_boro · wall_segment Palisade Wall x1 |
| 12:10 | DL | Tio GG 800 / Twitch TV · wall_segment Palisade Wall x8 |
| 12:12 | robo_boro · wall_segment Palisade Wall x1 |
| 12:26 | STORM | Noszombie · wall_segment Palisade Wall x13 |
| 12:37 | DL | Tio GG 800 / Twitch TV · wall_segment Palisade Wall x12 |
| 13:04 | robo_boro · age_up feudal |
| 13:09 | STORM | Noszombie · wall_segment Palisade Wall x3 |
| 13:56 | DL | Tio GG 800 / Twitch TV · wall_segment Palisade Wall x11 |
| 14:14 | STORM | Noszombie · wall_segment Palisade Wall x1 |
| 14:40 | robo_boro · wall_segment Stone Wall x8 |
| 15:44 | STORM | Noszombie · wall_segment Palisade Wall x1 |
| 15:48 | robo_boro · wall_segment Stone Wall x7 |
| 16:14 | STORM | Noszombie · wall_segment Palisade Wall x1 |
| 16:29 | robo_boro · first_building Barracks |
| 16:47 | robo_boro · wall_segment Stone Wall x13 |
| 17:06 | robo_boro · wall_segment Stone Wall x1 |
| 17:56 | robo_boro · first_building Stable |
| 18:19 | robo_boro · age_up castle |
| 18:38 | STORM | Noszombie · wall_segment Palisade Wall x1 |
| 18:50 | robo_boro · wall_segment Palisade Wall x1 |
| 19:02 | robo_boro · wall_segment Stone Wall x7 |
| 19:32 | DL | Tio GG 800 / Twitch TV · first_market_buy 100 food |
| 19:43 | STORM | Noszombie · wall_segment Palisade Wall x1 |
| 19:54 | STORM | Noszombie · wall_segment Palisade Wall x1 |
| 20:36 | robo_boro · wall_segment Palisade Wall x1 |
| 20:37 | robo_boro · wall_segment Palisade Wall x1 |
| 21:09 | DL | Fer_Amicus · age_up castle |
| 21:19 | robo_boro · wall_segment Palisade Wall x1 |
| 21:21 | robo_boro · wall_segment Palisade Wall x1 |
| 21:23 | robo_boro · wall_segment Palisade Wall x1 |
| 21:27 | robo_boro · wall_segment Palisade Wall x1 |
| 21:58 | robo_boro · first_market_sell 100 stone |
| 21:59 | robo_boro · first_market_buy 100 food |
| 22:05 | STORM | Noszombie · wall_segment Palisade Wall x1 |
| 22:07 | STORM | Noszombie · wall_segment Palisade Wall x10 |
| 22:10 | STORM | Noszombie · wall_segment Palisade Wall x2 |
| 22:19 | robo_boro · wall_segment Palisade Wall x1 |
| 22:31 | STORM | Noszombie · age_up castle |
| 22:43 | DL | Tio GG 800 / Twitch TV · age_up castle |
| 22:43 | robo_boro · wall_segment Palisade Wall x1 |
| 23:11 | robo_boro · wall_segment Palisade Wall x1 |
| 23:20 | STORM | Noszombie · first_market_buy 100 wood |
| 23:25 | robo_boro · wall_segment Palisade Wall x1 |
| 23:27 | robo_boro · wall_segment Palisade Wall x1 |
| 23:29 | robo_boro · wall_segment Palisade Wall x1 |
| 24:40 | robo_boro · wall_segment Palisade Wall x1 |
| 24:43 | STORM | Noszombie · wall_segment Palisade Wall x2 |
| 25:41 | STORM | Noszombie · first_market_sell 100 wood |
| 26:19 | DL | Fer_Amicus · first_building Siege Workshop |
| 26:56 | robo_boro · first_building Siege Workshop |
| 28:17 | DL | Tio GG 800 / Twitch TV · first_building Siege Workshop |
| 29:53 | robo_boro · wall_segment Palisade Wall x1 |
| 30:43 | STORM | Noszombie · first_building Monastery |
| 32:12 | robo_boro · wall_segment Palisade Wall x1 |
| 32:31 | robo_boro · wall_segment Stone Wall x7 |
| 32:51 | robo_boro · wall_segment Stone Wall x9 |
| 35:04 | DL | Tio GG 800 / Twitch TV · age_up imperial |
| 35:08 | robo_boro · wall_segment Stone Wall x5 |
| 35:37 | DL | Fer_Amicus · first_market_buy 100 stone |
| 35:56 | robo_boro · wall_segment Palisade Wall x1 |
| 36:01 | robo_boro · wall_segment Palisade Wall x1 |
| 36:09 | robo_boro · wall_segment Stone Wall x1 |
| 36:31 | robo_boro · wall_segment Palisade Wall x2 |
| 36:46 | robo_boro · wall_segment Palisade Wall x1 |
| 36:47 | robo_boro · wall_segment Palisade Wall x1 |
| 37:00 | STORM | Noszombie · age_up imperial |
| 37:04 | DL | Tio GG 800 / Twitch TV · first_market_sell 100 stone |
| 39:37 | robo_boro · first_building Archery Range |
| 39:48 | robo_boro · wall_segment Stone Wall x1 |
| 40:18 | STORM | Noszombie · first_building Castle |
| 40:43 | DL | Tio GG 800 / Twitch TV · first_building Castle |
| 40:48 | STORM | Noszombie · wall_segment Stone Wall x16 |
| 41:02 | STORM | Noszombie · wall_segment Stone Wall x18 |
| 41:02 | STORM | Noszombie · wall_segment Stone Wall x15 |
| 41:34 | robo_boro · first_building Monastery |
| 41:55 | STORM | Noszombie · first_building Siege Workshop |
| 42:52 | robo_boro · wall_segment Stone Wall x12 |
| 43:09 | robo_boro · wall_segment Stone Wall x4 |
| 43:11 | DL | Fer_Amicus · wall_segment Stone Wall x1 |
| 43:44 | DL | Tio GG 800 / Twitch TV · first_building Monastery |
| 44:54 | STORM | Noszombie · tribute_sent a jugador 1 |
| 44:54 | STORM | Noszombie · tribute_sent a jugador 3 |
| 44:54 | STORM | Noszombie · tribute_sent a jugador 4 |
| 44:58 | robo_boro · wall_segment Palisade Wall x1 |
| 45:00 | robo_boro · wall_segment Palisade Wall x1 |
| 45:40 | DL | Fer_Amicus · age_up imperial |
| 46:42 | STORM | Noszombie · tribute_sent a jugador 1 |
| 46:42 | STORM | Noszombie · tribute_sent a jugador 3 |
| 46:42 | STORM | Noszombie · tribute_sent a jugador 4 |
| 48:46 | STORM | Noszombie · tribute_sent a jugador 1 |
| 48:46 | STORM | Noszombie · tribute_sent a jugador 3 |
| 48:46 | STORM | Noszombie · tribute_sent a jugador 4 |
| 49:17 | robo_boro · age_up imperial |
| 50:17 | DL | Tio GG 800 / Twitch TV · tribute_sent a jugador 2 |
| 50:17 | DL | Tio GG 800 / Twitch TV · tribute_sent a jugador 3 |
| 50:17 | DL | Tio GG 800 / Twitch TV · tribute_sent a jugador 4 |
| 50:48 | robo_boro · wall_segment Stone Wall x1 |
| 51:05 | DL | Tio GG 800 / Twitch TV · wall_segment Stone Wall x1 |
| 51:46 | STORM | Noszombie · tribute_sent a jugador 1 |
| 51:46 | STORM | Noszombie · tribute_sent a jugador 3 |
| 51:46 | STORM | Noszombie · tribute_sent a jugador 4 |
| 53:07 | DL | Tio GG 800 / Twitch TV · wall_segment Stone Wall x7 |
| 53:24 | DL | Tio GG 800 / Twitch TV · wall_segment Stone Wall x1 |
| 53:25 | DL | Tio GG 800 / Twitch TV · wall_segment Stone Wall x1 |
| 53:25 | DL | Tio GG 800 / Twitch TV · wall_segment Stone Wall x1 |
| 53:42 | DL | Tio GG 800 / Twitch TV · tribute_sent a jugador 2 |
| 53:42 | DL | Tio GG 800 / Twitch TV · tribute_sent a jugador 3 |
| 53:42 | DL | Tio GG 800 / Twitch TV · tribute_sent a jugador 4 |
| 54:53 | STORM | Noszombie · tribute_sent a jugador 1 |
| 54:53 | STORM | Noszombie · tribute_sent a jugador 3 |
| 54:53 | STORM | Noszombie · tribute_sent a jugador 4 |
| 55:08 | robo_boro · first_building Castle |
| 56:19 | STORM | Noszombie · tribute_sent a jugador 1 |
| 56:19 | STORM | Noszombie · tribute_sent a jugador 3 |
| 56:19 | STORM | Noszombie · tribute_sent a jugador 4 |
| 56:22 | DL | Tio GG 800 / Twitch TV · wall_segment Stone Wall x8 |
| 56:24 | DL | Tio GG 800 / Twitch TV · wall_segment Stone Wall x14 |
| 57:33 | DL | Tio GG 800 / Twitch TV · wall_segment Stone Wall x11 |
| 57:39 | DL | Tio GG 800 / Twitch TV · wall_segment Stone Wall x14 |
| 57:47 | DL | Tio GG 800 / Twitch TV · wall_segment Stone Wall x8 |
| 59:59 | DL | Fer_Amicus · first_market_sell 500 food |
| 60:12 | DL | Tio GG 800 / Twitch TV · tribute_sent a jugador 2 |
| 60:12 | DL | Tio GG 800 / Twitch TV · tribute_sent a jugador 3 |
| 60:12 | DL | Tio GG 800 / Twitch TV · tribute_sent a jugador 4 |
| 64:15 | DL | Tio GG 800 / Twitch TV · resign |
[ AI ANALYSIS · 1 CREDIT ]
What really happened in this match?
Wolo.gg analyzes every decision: build order, eco, micro, common mistakes by bracket. Personalized analysis on WhatsApp or Discord in 30 seconds.
Civ guide
Persians
Perfil
Jugador #211321